Map: Complesso Moebius XX-1

Players

LowerThrust

  • Race: Zerg Zerg

Mobbster

  • Race: Protoss Protoss

Virgils

  • Race: Protoss Protoss

Crixus

  • Race: Terran Terran

Jhyrachy - Winner!

  • Race: Zerg Zerg
  • League: Gold

LANCELOT - Winner!

  • Race: Terran Terran

SaliXendan - Winner!

  • Race: Zerg Zerg

cbx - Winner!

  • Race: Zerg Zerg
  • League: Gold

VOD

Have the link to the VOD?

Description

Time

  • Played on: May 16, 2016, 7:06 p.m.
  • Length: 11:01
Show
View Real Time Build Order
Export as new Build Order

LowerThrust Zerg 

Build Orders: Hatch First 

Get SALT Encoding   

  12  0:04  Drone  
  13  0:08  Drone  
  14  0:18  Overlord  
  14  0:31  Extractor, Drone  
  14  0:37  Drone x2  
  16  0:48  Drone  
  17  1:07  Drone  
  17  1:08  Hatchery  
  17  1:16  Drone  
  18  1:24  Spawning Pool  
  17  1:27  Drone  
  18  1:38  Drone  
  19  1:42  Overlord  
  19  2:05  Drone x2  
  21  2:17  Zergling x2  
  21  2:19  Queen  
  24  2:23  Zergling x2  
  24  2:26  Zergling x2  
  26  2:52  Zergling x2  
  26  2:53  Zergling x8  
  31  3:03  Drone  
  32  3:05  Queen  
  32  3:10  Lair  
  32  3:12  Spore Crawler  
  33  3:14  Metabolic Boost  
  33  3:17  Zergling x6  
  36  3:26  Extractor  
  35  3:27  Drone  
  35  3:30  Overlord x2  
  36  3:39  Drone, Evolution Chamber  
  36  3:42  Overlord  
  19  4:02  Zergling x2  
  19  4:03  Zergling x6  
  19  4:07  Zerg Ground Armor Level 1  
  22  4:19  Zergling x4  
  22  4:20  Zergling x6  
  26  4:29  Drone x2  
  28  4:49  Drone x3  
  28  4:50  Drone  
  32  5:07  Drone  
  32  5:08  Drone x3  
  32  5:13  Queen  
Show
View Real Time Build Order
Export as new Build Order

Mobbster Protoss 

Build Orders: 1 Gate Expand 

Get SALT Encoding   

  12  0:01  Probe (Chrono Boost)  
  13  0:11  Probe (Chrono Boost)  
  14  0:22  Probe (Chrono Boost)  
  14  0:25  Pylon  
  15  0:44  Probe (Chrono Boost)  
  15  0:48  Gateway  
  16  0:54  Probe (Chrono Boost)  
  17  1:05  Probe (Chrono Boost)  
  18  1:16  Nexus  
  18  1:25  Assimilator  
  18  1:28  Assimilator  
  18  1:37  Cybernetics Core  
  18  1:50  Probe (Chrono Boost)  
  19  1:59  Pylon  
  19  2:00  Probe (Chrono Boost)  
  20  2:11  Probe (Chrono Boost)  
  21  2:21  Probe (Chrono Boost)  
  22  2:27  Stargate  
  22  2:32  Probe (Chrono Boost)  
  22  2:33  Probe (Chrono Boost)  
  24  2:42  Probe (Chrono Boost), Pylon  
  24  2:43  Probe (Chrono Boost)  
  26  2:53  Probe (Chrono Boost)  
  26  2:54  Probe (Chrono Boost)  
  26  2:56  Pylon  
  28  3:04  Forge  
  28  3:12  Void Ray (Chrono Boost)  
  32  3:17  Assimilator  
  32  3:20  Assimilator, Probe  
  32  3:21  Probe  
  34  3:33  Stargate  
  34  3:39  Photon Cannon  
  34  3:48  Probe  
  34  3:49  Probe  
  36  3:59  Probe  
  36  4:02  Probe  
  38  4:14  Probe  
  39  4:29  Void Ray x2 (Chrono Boost)  
  47  4:55  Photon Cannon  
  47  4:57  Photon Cannon  
  47  5:08  Void Ray (Chrono Boost)  
  51  5:25  Pylon  
  51  5:27  Pylon  
  51  5:31  Photon Cannon  
  51  5:38  Photon Cannon  
  51  5:43  Pylon  
Show
View Real Time Build Order
Export as new Build Order

Virgils Protoss 

Build Orders:  

Get SALT Encoding   

  12  0:04  Probe (Chrono Boost)  
  13  0:21  Probe (Chrono Boost)  
  14  0:32  Pylon  
  14  0:41  Probe (Chrono Boost)  
  15  0:51  Probe (Chrono Boost)  
  15  0:55  Gateway  
  15  0:56  Gateway  
  16  0:59  Assimilator  
  16  1:06  Assimilator  
  16  1:25  Probe (Chrono Boost)  
  17  1:35  Probe (Chrono Boost)  
  17  1:36  Pylon  
  18  1:46  Cybernetics Core  
  18  1:47  Probe (Chrono Boost)  
  19  1:58  Probe (Chrono Boost)  
  20  2:05  Pylon  
  21  2:08  Probe (Chrono Boost)  
  19  2:19  Probe (Chrono Boost)  
  22  2:30  Mothership Core (Chrono Boost)  
  19  3:03  Stalker  
  21  3:29  Stalker  
  23  3:42  Warp Gate (Chrono Boost)  
  23  3:44  Probe (Chrono Boost)  
  24  3:51  Forge  
  24  3:55  Probe (Chrono Boost)  
  21  4:45  Photon Cannon  
  21  4:53  Photon Cannon  
  21  4:58  Stalker  
  21  4:59  Stalker  
  25  5:03  Probe  
  26  5:15  Probe  
  27  5:44  Gateway  
  27  5:45  Gateway  
  27  5:54  Stalker  
  29  5:58  Stalker  
  29  6:02  Protoss Ground Weapons Level 1  
  31  6:31  Pylon  
  31  6:32  Pylon  
  31  6:35  Pylon  
  31  6:43  Stalker  
  31  6:44  Stalker  
  35  6:54  Photon Cannon  
  35  7:01  Photon Cannon  
  35  7:27  Photon Cannon  
  35  7:29  Photon Cannon  
  35  7:36  Photon Cannon x2  
  35  7:38  Photon Cannon  
  35  7:40  Photon Cannon  
  35  7:53  Stalker x2  
  35  7:54  Stalker  
  35  7:55  Stalker  
  43  8:07  Protoss Ground Armor Level 1  
  43  8:08  Pylon  
  43  8:09  Pylon  
  43  8:13  Pylon  
  43  8:17  Photon Cannon  
  43  8:20  Photon Cannon  
  43  8:22  Pylon  
  43  8:33  Pylon x2  
  43  8:35  Pylon  
  43  8:41  Photon Cannon  
  43  8:43  Photon Cannon  
  43  8:44  Photon Cannon  
  43  8:45  Photon Cannon  
  43  8:46  Photon Cannon  
  43  8:48  Photon Cannon  
  28  9:36  Pylon x2  
  28  9:38  Pylon  
  22  9:39  Stalker  
  22  9:40  Stalker x3  
  23  10:06  Mothership Core  
  20  10:08  Stalker  
  20  10:09  Stalker x3  
Show
View Real Time Build Order
Export as new Build Order

Crixus Terran 

Build Orders: Command Center First (CC) 

Get SALT Encoding   

  12  0:02  SCV  
  13  0:14  SCV  
  14  0:26  SCV  
  15  0:30  Supply Depot  
  15  0:48  Refinery  
  15  0:49  Refinery  
  15  0:51  SCV  
  16  1:03  SCV  
  17  1:16  Command Center  
  17  1:22  SCV  
  18  1:34  SCV  
  19  1:43  Barracks  
  19  1:47  SCV  
  20  1:59  SCV  
  21  2:04  Supply Depot  
  21  2:11  SCV  
  22  2:23  SCV  
  23  2:31  Barracks  
  23  2:33  Barracks Tech Lab  
  23  2:43  Orbital Command  
  23  2:45  SCV  
  24  2:57  SCV  
  25  3:02  Barracks Tech Lab  
  25  3:06  Factory  
  25  3:11  SCV  
  26  3:17  Barracks Tech Lab  
  26  3:28  SCV  
  26  3:29  Barracks Tech Lab  
  26  3:32  Orbital Command  
  27  3:42  SCV  
  28  3:55  SCV  
  29  3:56  Starport  
  29  3:57  Barracks Tech Lab  
  29  4:01  Starport  
  29  4:05  Starport, Marine  
  30  4:21  Hellion  
  30  4:22  Marine  
  30  4:23  Marine  
  33  4:32  SCV  
  33  4:33  SCV  
  38  4:45  SCV  
  11  5:38  Starport  
Show
View Real Time Build Order
Export as new Build Order

Jhyrachy Zerg - Winner!

Build Orders: Pool First 

Get SALT Encoding   

  12  0:10  Drone x2  
  14  0:35  Extractor  
  13  0:38  Spawning Pool, Drone x2  
  14  0:46  Overlord  
  14  1:05  Drone x2  
  16  1:11  Drone  
  17  1:23  Drone  
  18  1:27  Queen  
  20  1:33  Drone  
  21  1:43  Overlord  
  21  1:52  Evolution Chamber  
  21  1:54  Zergling x2  
  21  1:57  Metabolic Boost  
  21  2:09  Zergling x2  
  22  2:26  Zergling x4  
  22  2:29  Zerg Melee Weapons Level 1  
  24  2:41  Zergling x6  
  27  2:48  Overlord  
  27  3:11  Zergling x2  
  27  3:12  Zergling x8  
  32  3:32  Drone  
  32  3:33  Drone  
  34  3:36  Lair  
  34  3:38  Extractor  
  26  4:08  Drone  
  26  4:09  Drone x2  
  24  4:46  Hatchery  
  23  4:55  Zerg Ground Armor Level 1  
  23  4:57  Drone  
  23  4:59  Zergling x10  
  29  5:30  Queen  
  27  6:30  Drone x4  
  27  6:31  Drone x7  
  37  6:53  Extractor  
  36  6:57  Extractor  
  36  7:00  Spire  
  34  7:03  Drone  
  34  7:04  Drone x2  
  34  7:05  Drone x3  
  34  7:06  Drone x2  
  42  7:21  Drone  
  43  7:23  Overlord x2  
  43  7:24  Pneumatized Carapace  
  43  7:41  Queen  
  45  7:46  Hatchery  
  44  7:57  Overlord  
  44  7:58  Overlord  
  44  8:13  Mutalisk x6  
  44  8:14  Mutalisk  
  44  8:16  Mutalisk  
  44  8:17  Mutalisk x2  
  64  8:29  Zerg Flyer Weapons Level 1  
  64  8:53  Mutalisk  
  64  8:54  Mutalisk x3  
  72  8:56  Drone  
  73  9:10  Drone  
  73  9:11  Drone x7  
  73  9:13  Overlord x2  
  79  9:49  Drone x3  
  79  9:50  Extractor  
  79  9:52  Drone x2  
  83  9:53  Drone x6  
  83  9:56  Extractor  
  88  10:20  Overlord x3  
Show
View Real Time Build Order
Export as new Build Order

LANCELOT Terran - Winner!

Build Orders:  

Get SALT Encoding   

  12  0:03  SCV  
  13  0:18  SCV  
  13  0:21  Supply Depot  
  14  0:31  SCV  
  15  0:43  SCV  
  15  0:47  Supply Depot  
  15  0:49  Barracks  
  16  0:55  SCV  
  17  1:10  Barracks  
  17  1:16  SCV, Supply Depot  
  18  1:28  SCV  
  19  1:37  Refinery  
  19  1:40  SCV  
  19  1:44  Barracks  
  20  1:53  Marine  
  21  2:07  SCV, Barracks  
  22  2:12  Marine  
  22  2:15  Barracks Tech Lab  
  23  2:19  SCV  
  24  2:30  Marine  
  24  2:31  SCV  
  24  2:33  Marine x2  
  28  2:42  Supply Depot  
  28  2:48  Marine  
  28  2:50  Combat Shields  
  29  2:51  Marine x2  
  29  2:56  Marine  
  32  3:06  Marine  
  32  3:09  Marine  
  32  3:12  Marine  
  35  3:14  Marine  
  35  3:19  Orbital Command  
  36  3:24  Marine  
  37  3:27  Marine  
  37  3:29  Marine  
  37  3:31  Marine  
  40  3:40  Supply Depot  
  40  3:42  Marine  
  40  3:45  Marine  
  40  3:47  Marine  
  43  3:49  Marine  
  44  4:02  Supply Depot  
  43  4:28  Marine  
  43  4:29  Marine x3  
  47  4:46  Marine  
  47  4:47  Marine x3  
  51  5:04  Marine x3  
  51  5:05  Marine  
  54  5:22  Marine x4  
  58  5:40  Marine x4  
  62  5:55  Supply Depot  
  62  5:57  Marine  
  62  5:58  Marine x3  
  55  6:15  Marine  
  55  6:16  Marine x3  
  55  6:18  Supply Depot  
  54  6:33  Marine  
  54  6:34  Marine x3  
  58  6:41  Supply Depot  
  58  6:51  Marine x4  
  62  7:07  Command Center  
  62  7:09  Marine x4  
  66  7:26  Marine  
  66  7:27  Marine x3  
  70  7:40  Stimpack  
  70  7:44  Marine  
  70  7:45  Marine x3  
  74  8:02  Marine  
  74  8:03  Marine x3  
  78  8:20  Marine x4  
  82  8:38  Marine x4  
  86  8:55  Supply Depot  
  86  8:56  Marine x4  
  86  9:01  Factory  
  55  9:18  Supply Depot  
  55  9:19  Marine  
  55  9:20  Marine x3  
  39  9:37  Marine  
  39  9:38  Marine x3  
  39  9:40  Supply Depot  
  37  9:52  Factory Tech Lab  
  37  9:57  Starport  
  37  9:59  Barracks Reactor  
  37  10:00  Barracks Reactor x2  
  37  10:04  Supply Depot  
  36  10:10  Marine  
  36  10:12  Barracks  
  37  10:17  Refinery  
  37  10:19  SCV  
  37  10:20  Refinery  
  38  10:21  Widow Mine  
  38  10:27  Marine  
  38  10:28  Supply Depot  
  40  10:31  SCV  
  40  10:35  Marine x3  
  44  10:43  SCV  
Show
View Real Time Build Order
Export as new Build Order

SaliXendan Zerg - Winner!

Build Orders: Pool First, Lurkers 

Get SALT Encoding   

  12  0:01  Drone  
  13  0:23  Drone  
  13  0:28  Spawning Pool  
  13  0:41  Drone  
  14  0:44  Overlord  
  14  0:48  Extractor  
  13  0:55  Evolution Chamber  
  12  1:09  Drone x3  
  15  1:32  Extractor  
  14  1:34  Drone x2  
  14  1:37  Queen  
  18  1:51  Drone  
  19  2:17  Lair  
  19  2:19  Drone x3  
  22  2:48  Overlord x3  
  22  3:04  Hatchery  
  21  3:23  Evolution Chamber  
  21  3:28  Hydralisk Den  
  20  3:35  Zergling x4  
  20  3:36  Zergling x2  
  23  3:58  Hydralisk x3  
  23  4:00  Lurker Den  
  29  4:21  Drone x2  
  29  4:22  Drone x3  
  34  4:40  Overseer  
  33  4:59  Hydralisk  
  33  5:00  Hydralisk x4  
  41  5:32  Lurker x3  
  44  5:39  Queen  
  46  5:44  Extractor  
  46  5:46  Extractor  
  41  6:40  Drone x5  
  41  6:41  Drone x6  
  41  6:42  Overlord  
  52  7:54  Drone x4  
  52  7:55  Drone x4  
  52  7:57  Overlord  
  52  7:58  Overlord x2  
  60  8:16  Hatchery  
  59  8:23  Zerg Missile Weapons Level 1  
  59  8:24  Metabolic Boost  
  59  8:29  Lurker  
  59  8:30  Lurker x4  
  64  8:50  Spire  
  57  9:52  Hydralisk x5  
  59  9:53  Hydralisk x7  
  81  10:02  Extractor x2  
  81  10:07  Drone x5  
Show
View Real Time Build Order
Export as new Build Order

cbx Zerg - Winner!

Build Orders: Pool First 

Get SALT Encoding   

  12  0:22  Spawning Pool  
  12  0:25  Drone  
  12  0:32  Drone  
  12  0:33  Drone  
  14  0:42  Overlord  
  14  0:51  Extractor  
  14  0:54  Drone  
  14  1:05  Drone  
  15  1:11  Zergling x2  
  15  1:13  Queen  
  18  1:25  Zergling x2  
  19  1:35  Zergling x2  
  20  1:47  Overlord  
  20  1:54  Zergling x2  
  20  2:32  Zergling x2  
  20  2:33  Zergling x8  
  22  3:19  Overlord x3  
  22  3:24  Lair  
  22  3:26  Extractor  
  21  3:38  Hatchery  
  20  3:48  Hatchery  
  18  4:02  Drone x3  
  17  4:20  Drone  
  18  4:25  Zergling x2  
  19  4:31  Metabolic Boost  
  19  4:41  Hydralisk Den  
  19  4:44  Evolution Chamber  
  17  4:48  Evolution Chamber  
  17  4:51  Drone x4  
  17  4:52  Drone  
  21  5:03  Drone  
  22  5:15  Zerg Melee Weapons Level 1  
  22  5:19  Drone  
  22  5:20  Drone  
  24  5:31  Queen  
  26  5:39  Drone  
  26  5:40  Drone  
  28  5:51  Drone x3  
  28  5:53  Drone  
  32  6:10  Drone x5  
  32  6:11  Drone  
  38  6:22  Extractor  
  38  6:24  Drone x3, Extractor  
  39  6:32  Queen  
  41  6:39  Zerg Missile Weapons Level 1  
  41  6:46  Muscular Augments  
  41  6:48  Drone, Infestation Pit  
  41  6:49  Drone  
  42  7:03  Extractor  
  42  7:04  Hydralisk  
  42  7:05  Extractor, Hydralisk x2  
  46  7:19  Drone x4  
  46  7:20  Drone x2  
  46  7:21  Hydralisk  
  54  7:39  Hydralisk x2  
  54  7:41  Overlord x3  
  58  8:04  Hydralisk x4  
  58  8:05  Hydralisk x3  
  68  8:08  Drone  
  68  8:12  Spore Crawler  
  72  8:15  Overseer  
  72  8:23  Hive  
  72  8:29  Zerg Melee Weapons Level 2  
  72  8:35  Zerg Ground Armor Level 1  
  72  8:57  Overseer  
  72  9:00  Drone x7  
  72  9:01  Drone x3  
  82  9:03  Overlord  
  82  9:09  Overlord  
  82  9:22  Hydralisk x3  
  77  10:07  Hydralisk x7  
  77  10:08  Hydralisk x4  
Tags
 
Add a new tag
Caveats
  • Supply blocks, unpowered buildings, or Contaminate may cause inaccurate times.
  • Supply counts are checked every 10 seconds.